 Dungeon Crawl Stone Soup version 0.31-a0-37-g98a128e1d9 (webtiles) character file.

Game seed: 13196295919617853057

1613 Pooter the Cleaver (level 8, -1/96 (106) HPs)
             Began as a Minotaur Berserker on May 15, 2023.
             Was a Priest of Trog.
             Slain by a wight
             ... wielding a +4 falchion of freezing
              (2 damage)
             ... on level 6 of the Dungeon.
             The game lasted 00:16:50 (4957 turns).

Pooter the Cleaver (Minotaur Berserker)             Turns: 4957, Time: 00:16:50

HP:   -1/96 (106)   AC: 11    Str: 30    XL:     8   Next: 64%
MP:   7/7           EV:  9    Int:  4    God:    Trog [***...]
Gold: 508           SH:  0    Dex: 10    Spells: 7/7 levels left

rFire   . . .        a - +8 war axe of Omogruu {drain, rCorr}
rCold   . . .        (no shield)
rNeg    . . .        d - +0 chain mail
rPois   .            (helmet restricted)
rElec   .            i - +0 cloak
rCorr   +            m - +0 pair of gloves
SInv    .            (no boots)
Will    .....        (no amulet) Stlth
                     f - +6 ring of strength
HPRegen 0.36/turn    j - ring of flight
MPRegen 0.10/turn

%: no passive effects
@: berserking, flying, drained, very quick
A: horns 2, retaliatory headbutt
a: Renounce Religion, Berserk, Trog's Hand


You were on level 6 of the Dungeon.
You worshipped Trog.
Trog was most pleased with you.
You visited 1 branch of the dungeon, and saw 6 of its levels.
You also visited: Ossuary.

You collected 508 gold pieces.

Inventory:

Hand Weapons
 a - the +8 war axe of Omogruu (weapon) {drain, rCorr}
   (You found it on level 5 of the Dungeon)

   rCorr:     It protects you from acid and corrosion.
 b - a +0 sling
   (You found it on level 5 of the Dungeon)
 y - a +0 trident
   (You took it off an orc on level 5 of the Dungeon)
 C - a +0 hand axe
Missiles
 h - 13 poisoned darts (quivered)
 D - 2 boomerangs
 Q - 39 stones
Armour
 d - a +0 chain mail (worn)
   (You found it on level 1 of the Dungeon)
 i - a +0 cloak (worn)
   (You found it on level 4 of the Dungeon)
 m - a +0 pair of gloves (worn)
   (You found it on level 2 of the Dungeon)
Jewellery
 f - a +6 ring of strength (left hand)
   (You found it on level 2 of the Dungeon)
 j - a ring of flight (right hand)
   (You found it on level 2 of the Dungeon)
 P - a ring of poison resistance
   (You took it off an orc on level 5 of the Dungeon)
Wands
 x - a wand of acid (9)
   (You took it off an orc priest on level 5 of the Dungeon)
Scrolls
 l - a scroll of fear
 n - a scroll of enchant weapon {unknown}
 s - 2 scrolls of noise {!r}
 t - 5 scrolls of teleportation {@r4}
 v - a scroll of blinking {unknown}
 w - a scroll of brand weapon {unknown}
 A - 3 scrolls of fog {unknown}
Potions
 c - 6 potions of curing {unknown}
 e - a potion of berserk rage {unknown}
 g - a potion of haste {unknown}
 k - a potion of lignification {unknown}
 o - a potion of degeneration {unknown}
 p - a potion of magic {unknown}
 q - 2 potions of mutation {unknown}
 r - a potion of might {unknown}
 u - a potion of brilliance {unknown}
 z - a potion of cancellation {unknown}
 B - 7 potions of heal wounds {@q2}
 E - a potion of attraction {unknown}


   Skills:
 + Level 6.8 Fighting
 * Level 9.1 Axes
 * Level 5.2 Ranged Weapons
 - Level 2.4 Armour
 - Level 2.1 Dodging
 - Level 4.2 Stealth


You had 7 spell levels left.
You didn't know any spells.
Your spell library was empty.

Dungeon Overview and Level Annotations

Branches:
Dungeon (6/15)             Temple (0/1) D:5         Ossuary (visited)

Altars:


Innate Abilities, Weirdness & Mutations

You have a pair of horns on your head.
You reflexively headbutt those who attack you in melee.


Message History

You see here a +0 short sword.
You see here a +0 short sword.
Things that are here:
a +0 club; a +0 club
Found 13 gold pieces.
b - a +0 sling (weapon)
A wight comes into view. It is wielding a +0 halberd.
You shoot a sling bullet.
The sling bullet barely misses the wight.
You shoot a sling bullet.
The sling bullet hits the wight but does no damage.
You shoot a sling bullet. The sling bullet hits the wight.
You sense an unholy aura.
a - the +8 war axe of Omogruu (weapon)
{drain, rCorr} The wight closely misses you.
A wight comes into view.
It is wielding a +4 falchion of freezing.
The wight hits you with a +0 halberd!
You feel drained.
You hit the wight. You punch the wight, but do no damage.
The wight hits you with a +0 halberd!
You feel drained.
You slice the wight!!
You destroy the wight!
Trog accepts your kill.
The wight hits you with a +4 falchion of freezing!
The wight freezes you.
* * * LOW HITPOINT WARNING * * *
You are too injured to fight recklessly!
You are too injured to fight recklessly!
You are too injured to fight recklessly!
You hit the wight. Your headbutt misses the wight.
The wight hits you but does no damage.
You slash the wight!
The wight hits you with a +4 falchion of freezing!
* * * LOW HITPOINT WARNING * * *
You feel drained.
* * * LOW HITPOINT WARNING * * *
The wight freezes you.
* * * LOW HITPOINT WARNING * * *
You barely miss the wight.
The wight hits you with a +4 falchion of freezing!
* * * LOW HITPOINT WARNING * * *
The wight freezes you.
* * * LOW HITPOINT WARNING * * *
A red film seems to cover your vision as you go berserk!
You feel yourself moving faster!
You feel mighty!
The wight hits you with a +4 falchion of freezing.
* * * LOW HITPOINT WARNING * * *
You feel drained.
* * * LOW HITPOINT WARNING * * *
The wight freezes you.
You die...

..# #.#### # ......
#.# #.##.# ..
#.##.#
##.########.##.#
##..z@..........##
#......)..........#
#.#..########....<#
#.. #.##..# ##
#.##).# #.##))#
#.##..## #.#....#
..#..###


You could see a wight.

Vanquished Creatures
  A wyvern (D:5)
  A black bear (D:4)
  3 ogres (D:5)
  A phantom (D:5)
  A kobold brigand (D:6)
  A bullfrog (D:4)
  4 scorpions (D:5)
  A wight (D:6)
  A howler monkey (D:5)
  2 jellies (D:5)
  4 hounds (D:5)
  3 orc priests (D:5)
  A sleepcap (D:4)
  An iguana (D:5)
  An orc wizard (D:5)
  8 mummies (Ossuary)
  A gnoll (D:1)
  5 adders
  A white imp (D:5)
  An ufetubus (D:5)
  A worm (D:3)
  3 dart slugs
  10 orcs
  5 endoplasms
  2 giant cockroaches (D:4)
  6 goblins
  3 hobgoblins
  16 kobolds
  6 quokkas
  2 ball pythons
  3 bats
  3 frilled lizards
  2 hobgoblin zombies (Ossuary)
  2 kobold zombies (Ossuary)
  4 orc zombies (Ossuary)
  6 rats
116 creatures vanquished.

Notes
Turn   | Place    | Note
-------+----------+-------------------------------------------
     0 | D:1      | Pooter the Minotaur Berserker began the quest for the Orb.
     0 | D:1      | Reached XP level 1. HP: 19/19 MP: 0/0
   296 | D:1      | Reached XP level 2. HP: 27/27 MP: 1/1
   467 | D:1      | Reached skill level 4 in Axes
   467 | D:1      | Reached skill level 1 in Stealth
   556 | D:2      | Reached XP level 3. HP: 33/33 MP: 2/2
  1592 | D:3      | Reached ** piety under Trog
  1593 | D:3      | Reached XP level 4. HP: 38/40 MP: 3/3
  2175 | D:3      | Found a faded altar of an unknown god.
  2416 | D:4      | Noticed a black bear
  2423 | D:4      | Killed a black bear
  2424 | D:4      | Reached skill level 5 in Axes
  2424 | D:4      | Reached XP level 5. HP: 47/47 MP: 4/4
  2501 | D:4      | Found a sand-covered staircase.
  2513 | Ossuary  | Entered an ossuary
  2530 | Ossuary  | Reached XP level 6. HP: 55/55 MP: 5/5
  2534 | Ossuary  | Reached skill level 6 in Axes
  2657 | Ossuary  | Reached skill level 5 in Fighting
  2897 | D:4      | You are sucked into a shaft and drop 1 floor!
  2897 | D:5      | Entered Level 5 of the Dungeon
  3036 | D:5      | Reached *** piety under Trog
  3037 | D:5      | Reached XP level 7. HP: 61/61 MP: 6/6
  3816 | D:5      | Reached skill level 7 in Axes
  3816 | D:5      | Reached skill level 1 in Ranged Weapons
  4147 | D:5      | Reached XP level 8. HP: 64/70 MP: 7/7
  4246 | D:5      | Reached skill level 8 in Axes
  4391 | D:5      | Found a staircase to the Ecumenical Temple.
  4589 | D:5      | Identified the +8 war axe of Omogruu {drain, rCorr}
  4907 | D:6      | Reached skill level 9 in Axes
  4907 | D:6      | Reached skill level 5 in Ranged Weapons
  4956 | D:6      | HP: 3/66 [wight/+4 falchion of freezing (1)]
  4957 | D:6      | HP: 1/96 [wight/+4 falchion of freezing (1)]
  4957 | D:6      | Slain by a wight

Illustrated notes

Levels and vault maps discovered:
D:1:      minmay_arrival_four_houses, layout_basic
D:2:      layout_basic, amcnicky_mini_pool_small, st_stairs_6
D:3:      minmay_razor_zed, layout_basic, ebering_ecumenical_altar_box
D:4:      layout_basic, enter_ossuary_1
D:5:      minmay_chambers_of_fours, layout_loops_cross,
          minmay_temple_entry_junction, minmay_crystal_water
D:6:      layout_basic

Skill      XL: |  1  2  3  4  5  6  7  8 |
---------------+-------------------------+-----
Axes           | 4 5 6 7 9 |  9.1
Stealth        | 1 2 3 4 |  4.2
Fighting       | 4 5 6 |  6.8
Ranged Weapons | 3 5 |  5.2
Armour         | |  2.4
Dodging        | |  2.1

Action                     |  1- 3 |  4- 6 |  7- 9 || total
---------------------------+-------+-------+-------++-------
  Melee: Hand axe          |    73 |    90 |    29 ||   192
         Headbutt          |    10 |    16 |    18 ||    44
         Trident           |       |       |    57 ||    57
         Punch             |       |       |     2 ||     2
         War axe           |       |       |    20 ||    20
   Fire: Sling             |       |       |     4 ||     4
 Invoke: Berserk           |     3 |     2 |     4 ||     9
         Trog's Hand       |       |     1 |     1 ||     2
    Use: Scroll            |     3 |     2 |     1 ||     6
 Armour: Chain mail        |    28 |    36 |    38 ||   102
  Dodge: Dodged            |    23 |    33 |    39 ||    95

Table legend: (Time is in decaauts)
 A = Elapsed time spent in this place.
 B = Non-inter-level travel time spent in this place.
 C = Inter-level travel time spent in this place.
 D = Time resting spent in this place.
 E = Time spent auto-exploring this place.
 F = Levels seen in this place.
 G = Mean time per level.
                   A        B        C        D        E       F      G
               +--------+--------+--------+--------+--------+-----+--------+
         Total |   5055 |   4912 |    143 |    788 |   3135 |   7 |  722.1 |
       Dungeon |   4692 |   4549 |    143 |    648 |   3016 |   6 |  782.0 |
       Ossuary |    363 |    363 |      0 |    139 |    119 |   1 |  363.0 |
               +--------+--------+--------+--------+--------+-----+--------+

Top non-repeatable levels by time:
     D:5: 1489 daAuts
     D:2: 954 daAuts
     D:3: 951 daAuts
     D:4: 692 daAuts
     D:1: 548 daAuts
 Ossuary: 363 daAuts
     D:6: 56 daAuts
